 Dungeon Crawl Stone Soup version 0.27.1-15-g792fb953b9 (webtiles) character file.

Game seed: 11588699612359963951

55 zeram the Sneak (level 3, -3/20 HPs)
             Began as a Deep Elf Brigand on Nov 19, 2021.
             Slain by a gnoll (8 damage)
             ... on level 2 of the Dungeon.
             The game lasted 00:03:28 (2143 turns).

zeram the Sneak (Deep Elf Brigand)                  Turns: 2143, Time: 00:03:29

Health: -3/20      AC:  4    Str:  8    XL:     3   Next: 67%
Magic:  5/5        EV: 16    Int: 16    God:
Gold:   128        SH:  0    Dex: 16    Spells: 2/2 levels left

rFire    . . .     SeeInvis .   a - +2 dagger
rCold    . . .     Faith    .   (no shield)
rNeg     . . .     Spirit   .   b - +0 robe
rPois    .         Reflect  .   (no helmet)
rElec    .         Harm     .   c - +0 cloak
rCorr    .         Rampage  .   (no gloves)
Will     .....                  g - +0 pair of boots
Stlth    +++.......             (no amulet)
HPRegen  0.06/turn              h - +4 ring of evasion
MPRegen  0.09/turn              (no ring)

@: very slightly contaminated, invisible
A: no striking features
a: no special abilities


You were on level 2 of the Dungeon.
You visited 1 branch of the dungeon, and saw 3 of its levels.

You collected 128 gold pieces.

Inventory:

Hand Weapons
 a - a +2 dagger (weapon)
Missiles
 d - 19 poisoned darts (quivered)
 e - 2 curare-tipped darts
Armour
 b - a +0 robe (worn)
 c - a +0 cloak (worn)
 g - a +0 pair of boots (worn)
Jewellery
 h - a +4 ring of evasion (left hand)
Potions
 f - a potion of degeneration {unknown}
 i - a potion of brilliance {unknown}
 k - a potion of attraction {unknown}
 l - a potion of curing {unknown}


   Skills:
 - Level 1.5 Fighting
 - Level 2.0 Short Blades
 - Level 2.0 Throwing
 + Level 2.1 Dodging
 + Level 6.5 Stealth


You had 2 spell levels left.
You didn't know any spells.
Your spell library was empty.

Dungeon Overview and Level Annotations

Branches:
Dungeon (3/15)

Altars:
Wu Jian


Message History

The quokka closely misses you.
You barely miss the quokka.
The quokka is heavily wounded.
The quokka bites you but does no damage.
You closely miss the quokka.
The quokka is heavily wounded.
The quokka closely misses you.
You hit the quokka.
The quokka is almost dead.
You hear the slow rusting of a very distant drain.
A rat comes into view.
The quokka misses you.
You hit the quokka.
You kill the quokka!
You hit the gnoll but do no damage. The gnoll barely misses you.
You hit the gnoll.
The gnoll is moderately wounded.
The gnoll hits you with a +0 flail!
Ouch! That really hurt!
You hit the gnoll.
The gnoll is moderately wounded.
The gnoll misses you.
You hit the gnoll.
The gnoll is heavily wounded.
The gnoll hits you with a +0 flail.
* * * LOW HITPOINT WARNING * * *
There is a stone staircase leading up here.
The gnoll closely misses you.
You climb upwards.
There is a stone staircase leading down here.
It was a potion of invisibility.
You fade into invisibility!
You are very lightly contaminated with residual magic.
You are too injured to fight recklessly!
You are too injured to fight recklessly!
The gnoll closely misses you.
You closely miss the gnoll.
The gnoll is moderately wounded.
The gnoll hits you with a +0 flail!
You die...

#.#.#.#####.......#
#.#.......#.......#
#.#.......#.......#
#.#.......#.......#
#.#.#.#####.......#
#.#.#.# #####'####
#.#.#.#########.#...
#.#.g.........#.....
#.#@#.#######.###.##
######.#>#.......#.#.#.#.
#......#.#..####.#.#.#...
##.###...#..#....#.......
#.# #.#....#.####.#.....
#.# #.#.#.#.......+.....
#.###.#.#.#....##.#...##
#.......#.#....#......#.
###.#.#.#.#....#......#.


You could see a gnoll.

Vanquished Creatures
  A dart slug (D:3)
  7 bats
  5 endoplasms
  6 giant cockroaches (D:1)
  6 hobgoblins
  5 quokkas
  6 ball pythons
  3 frilled lizards
  3 goblins
  3 kobolds (D:1)
  A rat (D:2)
46 creatures vanquished.

Notes
Turn   | Place    | Note
-------+----------+-------------------------------------------
     0 | D:1      | zeram the Deep Elf Brigand began the quest for the Orb.
     0 | D:1      | Reached XP level 1. HP: 12/12 MP: 3/3
    42 | D:1      | Reached skill level 5 in Stealth
   389 | D:1      | Reached XP level 2. HP: 16/16 MP: 4/4
   500 | D:1      | Found a faded altar of an unknown god.
   658 | D:1      | Reached skill level 6 in Stealth
   742 | D:1      | Reached XP level 3. HP: 16/20 MP: 5/5
  2042 | D:3      | Found an ornate altar of the Wu Jian Council.
  2143 | D:2      | Slain by a gnoll

Illustrated notes

Levels and vault maps discovered:
D:1:      kennysheep_arrival_forest, layout_rooms,
          dreamdust_ecumenical_altar_statues
D:2:      layout_basic, serial_glass, glass_columns_b, glass_columns_a,
          glass_columns_a, glass_columns_a, item_on_display_a,
          item_on_display_a, minmay_puff
D:3:      layout_loops_ring, mainiacjoe_overflow_catwalk, ebering_ghost_gozag,
          portal_sewer_entry_e, roderic_roman_lattice

Skill      XL: |  1  2  3 |
---------------+----------+-----
Stealth        | 5 6 |  6.5
Dodging        | 2 |  2.1
Fighting       | |  1.5
Short Blades   | |  2.0
Throwing       | |  2.0

Action                   || total
-------------------------++-------
Melee: Dagger            ||   151
Throw: Dart              ||     1
  Use: Scroll            ||     5
       Potion            ||     1
 Stab: Sleeping          ||    13
Armor: Robe              ||    26
Dodge: Dodged            ||   106
